[Event "Late-Titled-Tuesday-Blitz-May-14-2024"]
[Site "Chess.com"]
[Date "2024.05.14"]
[Round "5"]
[White "marik_spb"]
[Black "Puzzlebot_1294"]
[Result "1-0"]
[WhiteElo "2517"]
[BlackElo "2634"]
[TimeControl "180+1"]
[EndTime "14:56:14 PDT"]
[Termination "marik_spb won by checkmate"]

1. e4 e5 2. Nf3 Nc6 3. Bc4 Bc5 4. c3 Nf6 5. O-O Nxe4 6. d4 d5 7. dxc5 dxc4 8. Qe2 Qd3 9. Re1 Qxe2 10. Rxe2 Nxc5 11.
Nxe5 O-O 12. Nxc4 Bf5 13. Be3 Ne6 14. Nbd2 Bd3 15. Ree1 Rfe8 16. a4 f5 17. f3 Rad8 18.
Na3 f4 19. Bf2 a6 20. Ne4 Bxe4 21. Rxe4 g5 22. Rae1 Ng7 23. Rxe8+ Rxe8 24. Rxe8+ Nxe8 25. Kf1 Kf7 26. Ke2 Ke6 27. Nc4 Nf6 28. b3 Nd5 29. Kd3 b5 30. axb5 axb5 31. Nd2 Ne5+ 32. Kc2 c6 33. Ne4 h6 34. Bd4 Nf7 35. Nc5+ Kf5 36.
Kd3 g4 37. c4 Ne7 38. fxg4+ Kxg4 39. Ne6 Nf5 40. Bf2 Ne5+ 41. Ke4 bxc4 42. h3+ Kh5 43. Kxf5 Nd3 44. Ng7# 1-0

[Event "Late-Titled-Tuesday-Blitz-May-14-2024"]
[Site "Chess.com"]
[Date "2024.05.14"]
[Round "5"]
[White "dealshark"]
[Black "nitpicker"]
[Result "1-0"]
[WhiteElo "2554"]
[BlackElo "2301"]
[TimeControl "180+1"]
[EndTime "14:56:14 PDT"]
[Termination "dealshark won on time"]

1. e4 c5 2. c3 d5 3. exd5 Qxd5 4.
d4 Nc6 5. Nf3 Nf6 6. Be3 e6 7.
a3 cxd4 8. cxd4 Be7 9. Nc3 Qd6 10. Bd3 O-O 11. O-O b6 12. Qe2 Bb7 13. Rad1 Rad8 14. Rfe1 Qb8 15. Bb1 Rfe8 16. Bg5 Nd5 17. Qe4 g6 18.
Qh4 Nxc3 19. bxc3 Qd6 20. Be4 Na5 21. Ne5 Bxe4 22. Rxe4 Bxg5 23. Qxg5 Qe7 24. Qh6 Qf8 25. Qf4 f6 26. Nd3 Rd5 27. Rde1 Rf5 28. Qc7 Re7 29. Qg3 Qf7 30. Nb4 Kg7 31. h3 Nc4 32. d5 e5 33.
Rxc4 a5 34. Nc6 Rd7 35. Qg4 Rxd5 36. a4 Rd2 37. Rd1 Qd5 38. Rxd2 Qxd2 39. h4 Qxf2+ 40. Kh1 Rh5 41. Ne7 Qf1+ 42. Kh2 Qd3 43. Re4 h6 44. c4 1-0

[Event "Late-Titled-Tuesday-Blitz-May-14-2024"]
[Site "Chess.com"]
[Date "2024.05.14"]
[Round "5"]
[White "CheckBits"]
[Black "lluiss"]
[Result "0-1"]
[WhiteElo "2374"]
[BlackElo "2225"]
[TimeControl "180+1"]
[EndTime "14:56:14 PDT"]
[Termination "lluiss won on time"]

1. e4 c5 2. Nf3 d6 3. c3 Nf6 4.
Be2 Nbd7 5. d3 b6 6. O-O Bb7 7. h3 g6 8. Bf4 Bg7 9. Nbd2 O-O 10. Re1 e5 11. Be3 Re8 12. c4 Nh5 13. g3 Rf8 14. Nh4 Ndf6 15. Nb1 Bc8 16. Kh2 Qd7 17. Bf1 Ne8 18.
Nc3 Nc7 19. f4 exf4 20. gxf4 Qe7 21. Be2 Qxh4 22. Bg4 Qg3+ 23. Kh1 Nxf4 24. Qd2 Nxh3 25. Bxc8 Raxc8 26. Qg2 Qh4 27. Ne2 Nf4+ 28. Qh2 Qxh2+ 29.
Kxh2 Nxd3 30. Red1 Nxb2 31. Bf4 Nxd1 32. Rxd1 Ne6 33.
Bg3 Be5 34. Bxe5 dxe5 35. Nc3 Nd4 36. Nd5 Kg7 37. Kg2 f5 38. a4 fxe4 39. Ra1 e3 40. a5 Rf2+ 41. Kg3 Rcf8 42. axb6 axb6 43. Ra7+ Kh6 44. Nxe3 R8f3+ 45. Kg4 Rxe3 0-1

[Event "Late-Titled-Tuesday-Blitz-May-14-2024"]
[Site "Chess.com"]
[Date "2024.05.14"]
[Round "5"]
[White "ural58"]
[Black "slidingknight2775"]
[Result "1-0"]
[WhiteElo "2476"]
[BlackElo "2603"]
[TimeControl "180+1"]
[EndTime "14:56:16 PDT"]
[Termination "ural58 won by resignation"]

1. e4 c5 2. b3 Nc6 3. Bb2 d6 4. f4 Nf6 5. Qf3 Nd4 6. Bxd4 cxd4 7. e5 Nd7 8. Qe4 dxe5 9. Nf3 g6 10. fxe5 Bg7 11.
Bc4 O-O 12. e6 Nc5 13. exf7+ Kh8 14. Qd5 Qxd5 15. Bxd5 e6 16. Bc4 Bd7 17. b4 Ne4 18. d3 Nd6 19. Nbd2 a5 20. bxa5 Rxa5 21. O-O Rxf7 22.
Nb3 Nxc4 23. dxc4 Raf5 24. Nbxd4 Rf4 25. c3 e5 26. Nb5 Bc6 27. Ng5 R7f5 28. Ne6 Rxf1+ 29.
Rxf1 Kg8 30. Nxg7 Kxg7 31. g3 Rg5 32. Nd6 h5 33. Rf7+ Kg8 34. Re7 Rg4 35. Kf2 h4 36. Rxe5 hxg3+ 37. hxg3 Kg7 38. Re7+ Kh6 39. Nf7+ Kh5 40.
Re5+ g5 41. Re6 Re4 42. Rxe4 Bxe4 43. Nd6 Bb1 44. Nxb7 Bxa2 45. c5 Bd5 46. Nd8 Kg6 47. c6 Kf6 48. c7 1-0

[Event "Late-Titled-Tuesday-Blitz-May-14-2024"]
[Site "Chess.com"]
[Date "2024.05.14"]
[Round "5"]
[White "Slovineanu"]
[Black "karinachess1"]
[Result "0-1"]
[WhiteElo "2474"]
[BlackElo "2623"]
[TimeControl "180+1"]
[EndTime "14:56:19 PDT"]
[Termination "karinachess1 won on time"]

1. d4 Nf6 2. Nf3 e6 3. c4 d5 4. e3 Be7 5. b3 O-O 6. Bd3 b6 7. O-O dxc4 8. bxc4 Bb7 9. Bb2 c5 10. Qe2 Nc6 11. Nbd2 Rc8 12. Rac1 Qc7 13. Rfd1 Rfd8 14. Bb1 h6 15. Nb3 cxd4 16. exd4 Qf4 17. h3 Bd6 18. d5 exd5 19. cxd5 Ne7 20. g3 Qa4 21. Bxf6 gxf6 22.
Rd4 Rxc1+ 23. Nxc1 Qa3 24. Nb3 f5 25. Qd2 Kg7 26. Nh4 Bc8 27. Rf4 Qa6 28. Nd4 Bxf4 29.
Qxf4 Rxd5 30. Bxf5 Bxf5 31. Nhxf5+ Nxf5 32. Nxf5+ Rxf5 33. Qxf5 Qe2 34. Qd7 Qxa2 35. Qd4+ Kg8 36. Qg4+ Kf8 37. Qc8+ Ke7 38. Qc7+ Ke6 39. Qc6+ Ke7 40. Qxh6 Qb1+ 41. Kg2 Qe4+ 42. Kh2 b5 43. Qd2 Qe5 44. h4 a6 0-1

[Event "Late-Titled-Tuesday-Blitz-May-14-2024"]
[Site "Chess.com"]
[Date "2024.05.14"]
[Round "5"]
[White "DonPreuss"]
[Black "dennisodessa"]
[Result "0-1"]
[WhiteElo "2186"]
[BlackElo "2456"]
[TimeControl "180+1"]
[EndTime "14:56:19 PDT"]
[Termination "dennisodessa won on time"]

1. d4 Nf6 2. Nc3 d5 3. e4 dxe4 4. f3 exf3 5. Nxf3 e6 6. Bd3 c5 7. dxc5 Bxc5 8. Bg5 Nbd7 9. Qd2 Qa5 10. a3 a6 11. Rb1 Ba7 12. Qf4 h6 13. Qh4 O-O 14. Bxh6 gxh6 15. Qxh6 Qh5 16. Qf4 Qg4 17. Qd2 Nc5 18.
Rf1 Nxd3+ 19. Qxd3 e5 20. Nxe5 Qe6 21. Qg3+ Ng4 22. Qxg4+ Qxg4 23. Nxg4 Bxg4 24. Rf4 Rfe8+ 25. Kf1 f5 26. h3 Be3 27. Rb4 Bh5 28. Rxb7 Bf7 29.
Rd1 Rad8 30. Rxd8 Rxd8 31. Ke2 f4 32. Ne4 Bg6 33. Nf6+ Kh8 34. h4 Bxc2 35. h5 Rd2+ 36. Kf3 Rf2+ 37. Kg4 Rxg2+ 38. Kh3 Rg3+ 39. Kh2 Bg1+ 40.
Kh1 Bd4 41. Rb8+ Kg7 42. Ne8+ Kh6 43. Nd6 Kxh5 0-1

[Event "Late-Titled-Tuesday-Blitz-May-14-2024"]
[Site "Chess.com"]
[Date "2024.05.14"]
[Round "5"]
[White "Mikayel99"]
[Black "IlyaGrigorjev"]
[Result "1/2-1/2"]
[WhiteElo "2626"]
[BlackElo "2863"]
[TimeControl "180+1"]
[EndTime "14:56:21 PDT"]
[Termination "Game drawn by repetition"]

1. e4 e5 2. Nf3 Nc6 3. d4 exd4 4.
Nxd4 Nf6 5. Nc3 Bb4 6. Nxc6 bxc6 7. Bd3 d5 8. exd5 O-O 9. O-O cxd5 10. Bg5 c6 11.
Qf3 h6 12. Bxf6 Qxf6 13. Qxf6 gxf6 14. Ne2 a5 15. c3 Bc5 16. Rfe1 Rb8 17. Rab1 Bd7 18.
Nd4 Bxd4 19. cxd4 Rb4 20. Re7 Rxd4 21. Rxd7 Rxd3 22. Rc7 Rb8 23. b3 Rd2 24. Ra1 Re8 25.
Rxc6 Rxa2 26. Rd1 Kg7 27. h3 Ree2 28. Rc3 Re5 29. Rcd3 Rf5 30. f4 Rxf4 31. Rg3+ Kf8 32. Rxd5 Re4 33. Rh5 Re1+ 34. Kh2 Raa1 35. Rf3 Rh1+ 36.
Kg3 Kg7 37. Rhf5 Rhe1 38. Rxf6 Re7 39. Ra6 Ra2 40. Kh2 Re6 41. Ra7 Rf6 42. Rg3+ Rg6 43. Rxg6+ Kxg6 44. b4 a4 45. b5 f5 46. b6 Rb2 47. Rxa4 Rxb6 48. Kg3 Rb3+ 49. Kf2 Kg5 50. Ra2 h5 51. Rc2 h4 52. Ra2 Kf4 53. Ra4+ Kg5 54. Ra2 Rb4 55. Rc2 Re4 56. Ra2 Kf4 57. Rb2 Rc4 58.
Ra2 Re4 59. Rc2 Rd4 60. Rb2 Re4 61. Rd2 Rc4 62. Re2 Re4 63. Rc2 Rd4 64. Rb2 Re4 65. Rd2 Rc4 66. Ra2 Re4 1/2-1/2

[Event "Late-Titled-Tuesday-Blitz-May-14-2024"]
[Site "Chess.com"]
[Date "2024.05.14"]
[Round "5"]
[White "bubeliang"]
[Black "vpsetter"]
[Result "1/2-1/2"]
[WhiteElo "2810"]
[BlackElo "2545"]
[TimeControl "180+1"]
[EndTime "14:56:21 PDT"]
[Termination "Game drawn by stalemate"]

1. e4 c5 2. c3 d5 3. exd5 Qxd5 4. d4 Nf6 5. Nf3 Bg4 6. dxc5 Qxd1+ 7. Kxd1 e6 8. b4 a5 9. h3 Bxf3+ 10. gxf3 Nc6 11. b5 Ne5 12. f4 O-O-O+ 13. Kc2 Ned7 14. c6 bxc6 15. bxc6 Nc5 16. Be3 Nd5 17. Nd2 Kc7 18. Nc4 f6 19. Bg2 a4 20. Rhd1 Nxe3+ 21. fxe3 Be7 22.
Rab1 Rxd1 23. Rxd1 Rd8 24. Rb1 Rb8 25. Rg1 g6 26.
Bf3 f5 27. Ne5 Bf6 28. Nc4 Rd8 29. Rh1 Rd3 30. Be2 Rxc3+ 31. Kb1 a3 32. Rc1 Na4 33. Bf1 Kxc6 34. Rxc3 Nxc3+ 35. Kc2 Nxa2 36. Nxa3 Nb4+ 37. Kd1 Kc5 38. Nc2 Nd5 39. Bg2 Nc3+ 40. Kd2 Nb1+ 41. Kd3 Nc3 42. e4 fxe4+ 43. Bxe4 Nd5 44.
Bxd5 exd5 45. Ne3 h5 46. Nf1 Bh4 47. Ne3 Bf2 48. Nc2 Bg3 49. Ke3 Kc4 50. Kf3 Bh4 51. f5 gxf5 52. Ne3+ Kc5 53. Nxf5 Bf6 54. Ng3 h4 55.
Ne2 Kc4 56. Nf4 d4 57. Ke4 Bg5 58. Nd3 Be3 59. Ne5+ Kc3 60. Nf3 Bf2 61. Nxd4 Bxd4 62.
Kf3 Bf6 63. Kg2 Be7 64. Kh1 Kd4 65. Kg2 Ke4 66. Kh1 Kf4 67. Kg2 Ke3 68. Kh1 Kf2 69. Kh2 Bd6+ 70. Kh1 Kg3 71. Kg1 Be5 72. Kh1 Kf2 1/2-1/2

[Event "Late-Titled-Tuesday-Blitz-May-14-2024"]
[Site "Chess.com"]
[Date "2024.05.14"]
[Round "5"]
[White "DreamsAreFake"]
[Black "Gangster-accountant01"]
[Result "0-1"]
[WhiteElo "2749"]
[BlackElo "2586"]
[TimeControl "180+1"]
[EndTime "14:56:21 PDT"]
[Termination "Gangster-accountant01 won by resignation"]

1. Nf3 c5 2. g3 Nc6 3. Bg2 g6 4. c3 Bg7 5. d4 cxd4 6. cxd4 d5 7. O-O Nf6 8. Nc3 O-O 9. Ne5 Bf5 10. Bf4 Nh5 11.
Nxd5 Nxf4 12. gxf4 e6 13. Nc3 Qxd4 14. Nxc6 bxc6 15.
e4 Qxd1 16. Rfxd1 Bg4 17. f3 Bh5 18. Rac1 Rab8 19. b3 Rfd8 20. Ne2 Rxd1+ 21. Rxd1 Bf8 22. Rc1 c5 23. Kf2 a5 24. Rc4 f5 25. Ng3 Bd6 26.
Ke3 Kf7 27. Bf1 e5 28. fxe5 Bxe5 29. Nxh5 gxh5 30. Rxc5 f4+ 31. Kd3 Rd8+ 32. Kc4 Ke6 33. Kb5 Rd2 34. a4 Rxh2 35. Kxa5 h4 36. Kb5 h3 37. a5 Rh1 38. Bxh3+ Rxh3 39. a6 Rh1 40. a7 Ra1 41. Kb6 Bd4 42. b4 Bxc5+ 43. bxc5 Kd7 44. e5 Rb1+ 45. Ka6 Kc7 46. a8=Q Ra1+ 47.
Kb5 Rxa8 48. Kc4 Re8 49. Kd4 h5 50. Ke4 h4 51. Kxf4 Rxe5 52. Kxe5 h3 0-1

[Event "Late-Titled-Tuesday-Blitz-May-14-2024"]
[Site "Chess.com"]
[Date "2024.05.14"]
[Round "5"]
[White "ImportedItalianMaple"]
[Black "HanSchut"]
[Result "1-0"]
[WhiteElo "2571"]
[BlackElo "2375"]
[TimeControl "180+1"]
[EndTime "14:56:21 PDT"]
[Termination "ImportedItalianMaple won by resignation"]

1. e4 c5 2. Nf3 d6 3. Bc4 e6 4. d3 Nf6 5. c3 d5 6. Bb5+ Bd7 7. Bxd7+ Qxd7 8. Nbd2 Nc6 9. O-O dxe4 10. Nxe4 Nxe4 11. dxe4 Qxd1 12. Rxd1 Rd8 13. Rxd8+ Nxd8 14. Ne5 Be7 15. Be3 b6 16. Rd1 f6 17. Nc4 Nb7 18. a4 Nd8 19. a5 b5 20. Nd6+ Bxd6 21. Rxd6 Nb7 22. Ra6 O-O 23. Rxa7 Rd8 24. Kf1 Nd6 25. a6 Nxe4 26.
Rb7 Nd6 27. Rb6 Nc4 28. Rxb5 Nxe3+ 29. fxe3 Ra8 30. Ra5 Kf7 31. a7 c4 32. Ke2 Ke7 33. e4 e5 34. Ra4 Kd7 35. Rxc4 Rxa7 36. Rb4 Ra1 37. c4 Rg1 38. Kf2 Rc1 39. b3 Rc3 40. Rb7+ Kc6 41. Rxg7 Rxb3 42. Rxh7 Kc5 43. Rf7 Kd4 44.
Rxf6 Kxe4 45. c5 Rc3 46. c6 Rc2+ 47. Kg3 Kd4 48. h4 e4 49. h5 e3 50. Re6 e2 51. h6 Rc3+ 52. Kf4 Kd3 53. h7 Rc4+ 54.
Kf3 Rc3 55. h8=Q Kd2+ 56. Qxc3+ Kxc3 57. Rxe2 1-0

[Event "Late-Titled-Tuesday-Blitz-May-14-2024"]
[Site "Chess.com"]
[Date "2024.05.14"]
[Round "5"]
[White "kingofthenil"]
[Black "dropstoneDP"]
[Result "1-0"]
[WhiteElo "2871"]
[BlackElo "2949"]
[TimeControl "180+1"]
[EndTime "14:56:23 PDT"]
[Termination "kingofthenil won by resignation"]

1. d4 d5 2. c4 dxc4 3. e3 Nf6 4. Bxc4 e6 5. Nf3 c5 6. O-O a6 7. dxc5 Bxc5 8. Qxd8+ Kxd8 9. Nfd2 Ke7 10. Nb3 Bd6 11.
Be2 Bd7 12. N1d2 Bb5 13. Nc4 Nc6 14. Bd2 Ne4 15. Nxd6 Nxd6 16. Bxb5 Nxb5 17. Rfc1 Rhd8 18.
Kf1 Rac8 19. Ke2 Nd6 20. Nc5 a5 21. Na4 Ra8 22. Rc2 Ra6 23. Rac1 Ke8 24. a3 f6 25. Nc5 Rb6 26. Nxe6 Rd7 27. Nc5 Re7 28. Bc3 Nb5 29.
Rd2 Nxc3+ 30. Rxc3 Rb5 31. f3 f5 32. Kf2 g6 33. h4 Kf7 34. Kg3 h6 35. Nxb7 Rexb7 36.
Rxc6 Rxb2 37. Rdd6 g5 38. hxg5 hxg5 39. Rf6+ Ke7 40.
Rxf5 Ra2 41. Rxg5 Rbb2 42. Rg7+ Kf8 43. Ra7 Rxg2+ 44. Kf4 Rgc2 45. Rxc2 Rxc2 46. Rxa5 Ke7 47. e4 Kf6 48. Ra6+ Ke7 49. Kf5 Rh2 50. f4 Rh5+ 51. Kg4 Rh1 52. f5 Kf7 53. Kf4 Rb1 54. Ke5 Rb5+ 55.
Kf4 Rb1 56. a4 Ra1 57. Ke5 Rc1 58. Ra7+ Ke8 59. a5 Rc5+ 60. Kd6 Rc1 61. e5 Kf8 62. f6 Rb1 63. Ke6 Kg8 64. Ra8+ Kh7 65. f7 1-0

[Event "Late-Titled-Tuesday-Blitz-May-14-2024"]
[Site "Chess.com"]
[Date "2024.05.14"]
[Round "5"]
[White "penguingm1"]
[Black "Rud_Makarian"]
[Result "1-0"]
[WhiteElo "2867"]
[BlackElo "2946"]
[TimeControl "180+1"]
[EndTime "14:56:25 PDT"]
[Termination "penguingm1 won by resignation"]

1. d4 Nf6 2. Bf4 c5 3. e3 Qb6 4. Na3 d6 5. Nc4 Qc7 6. Nf3 g6 7. c3 Bg7 8. h3 Nbd7 9. Be2 O-O 10. a4 b6 11. O-O Bb7 12. Rc1 Rac8 13. Bh2 Qb8 14. Qb3 Qa8 15. Rfd1 Bc6 16. Qa3 Rfe8 17. b4 cxb4 18. cxb4 Bd5 19. b5 Ne4 20. Qb4 Bf8 21. Bf1 Bxc4 22. Bxc4 e6 23. Qb3 d5 24. Bd3 Rxc1 25.
Rxc1 Rc8 26. Rc2 Qb7 27. Bf4 Kg7 28. Qb2 Nef6 29. Qc1 Rxc2 30. Qxc2 Qa8 31. Qc6 Qd8 32. Qb7 h6 33. Qxa7 g5 34. Be5 Kg8 35. a5 bxa5 36. b6 Ne8 37. b7 Bd6 38. Bb5 Nxe5 39. Nxe5 Bb8 40. Qc5 Nd6 41. Nc6 Qc7 42. Ba6 Nxb7 43. Qb5 Qh2+ 44. Kf1 Qh1+ 45. Ke2 Bh2 46. Qxb7 Qxg2 47.
Nd8 Qxh3 48. Qxf7+ Kh8 49. Nxe6 Qg4+ 50. Kd2 1-0

[Event "Late-Titled-Tuesday-Blitz-May-14-2024"]
[Site "Chess.com"]
[Date "2024.05.14"]
[Round "5"]
[White "NajdorfPlayerc5"]
[Black "klifus"]
[Result "1-0"]
[WhiteElo "2392"]
[BlackElo "2143"]
[TimeControl "180+1"]
[EndTime "14:56:28 PDT"]
[Termination "NajdorfPlayerc5 won by resignation"]

1. d4 Nf6 2. c4 g6 3. Nc3 Bg7 4. e4 d6 5. Be3 O-O 6. Be2 c5 7. Nf3 cxd4 8. Nxd4 Nc6 9. O-O Bd7 10. Qd2 Qa5 11.
Nc2 Rfc8 12. f3 a6 13. a3 Ne5 14. b3 b5 15. b4 Qc7 16. c5 dxc5 17. Bxc5 Be6 18. Ne3 Rd8 19. Qc2 Nc4 20. Nxc4 Bxc4 21. Bxc4 bxc4 22. Rad1 e6 23. Rxd8+ Qxd8 24. Rd1 Qc7 25. Qe2 Ng4 26. fxg4 Bxc3 27. Qxc4 Be5 28. h3 Qc6 29. Qd3 Qb5 30. g5 Qxd3 31. Rxd3 Kg7 32. h4 h6 33. gxh6+ Kxh6 34. Rd7 Kg7 35. Kf2 a5 36. b5 a4 37. b6 Rb8 38. b7 Bf6 39.
Ba7 Bxh4+ 40. g3 Rxb7 41. Rxb7 Bf6 42. Ke3 Be5 43. Bd4 Bxd4+ 44. Kxd4 g5 45. Rb4 Kg6 46.
Rxa4 Kh5 47. Ke3 Kg4 48. Kf2 Kh3 49. Rb4 f5 50. exf5 exf5 51. Rb1 Kg4 52. a4 f4 53. gxf4 gxf4 54. a5 Kf5 55. a6 Ke4 56. a7 Kd4 57. a8=Q Kc5 58. Qf3 Kd4 59. Rh1 Ke5 60. Rh4 Ke6 61. Rxf4 Kd6 62. Qg4 1-0

[Event "Late-Titled-Tuesday-Blitz-May-14-2024"]
[Site "Chess.com"]
[Date "2024.05.14"]
[Round "5"]
[White "nindjaxx8"]
[Black "dretch"]
[Result "1-0"]
[WhiteElo "2653"]
[BlackElo "2863"]
[TimeControl "180+1"]
[EndTime "14:56:29 PDT"]
[Termination "nindjaxx8 won on time"]

1. d4 d5 2. c4 c6 3. Nc3 dxc4 4. e3 b5 5. a4 b4 6. Na2 e6 7. Bxc4 Nf6 8. Nf3 Bb7 9. Bd2 a5 10. O-O Nbd7 11. Nc1 Bd6 12. Nb3 O-O 13. Qe2 c5 14. dxc5 Nxc5 15. Nxc5 Bxc5 16. Rfd1 Qb6 17. Rac1 Rac8 18.
h3 Rfd8 19. Be1 Rxd1 20. Rxd1 Ne4 21. Bb3 Be7 22. Ne5 Nc5 23. Bc2 Qc7 24. Bxh7+ Kf8 25. Qh5 Bf6 26. Rd7 Qxd7 27. Nxd7+ Nxd7 28. Qxa5 g6 29. Qxb4+ Nc5 30. Bc3 Kg7 31. Bxf6+ Kxf6 32. Qd4+ Ke7 33.
Qg7 Be4 34. f3 Bc2 35. e4 Bxa4 36. Bxg6 Be8 37. Bh5 Nd7 38. Qg5+ Kf8 39. h4 Rc5 40. Qh6+ Ke7 41. Bg4 Rb5 42. h5 Rxb2 43. Qg5+ f6 44. Qg7+ Bf7 45. h6 Rb1+ 46. Kh2 Nf8 47. h7 Nxh7 48.
Qxh7 Rb5 49. Qh6 Rg5 50. Qh4 Rg6 51. Qf2 Rh6+ 52. Kg1 Rh7 53. Qc5+ Ke8 54. Qd6 1-0

[Event "Late-Titled-Tuesday-Blitz-May-14-2024"]
[Site "Chess.com"]
[Date "2024.05.14"]
[Round "5"]
[White "MarcoRiehle"]
[Black "mostafa_sakha"]
[Result "1/2-1/2"]
[WhiteElo "2794"]
[BlackElo "2386"]
[TimeControl "180+1"]
[EndTime "14:56:33 PDT"]
[Termination "Game drawn by repetition"]

1. e4 e5 2. Nf3 Nc6 3. Bc4 Nf6 4. d4 exd4 5. O-O Nxe4 6. Nc3 Nxc3 7. bxc3 d5 8. Bd3 Be7 9. Re1 O-O 10. cxd4 Bg4 11. c3 Bd6 12. h3 Bh5 13. a4 a5 14. Qc2 Bg6 15. Ne5 Nxe5 16. dxe5 Bc5 17. Be3 Bxe3 18. Rxe3 Bxd3 19. Qxd3 Qd7 20. f4 c5 21. f5 d4 22. cxd4 cxd4 23. Re4 Rad8 24. e6 fxe6 25.
fxe6 Qe7 26. Rae1 Rf6 27. Rxd4 Rxd4 28. Qxd4 Rxe6 29. Qd5 Kf7 30. Rxe6 Qxe6 31. Qxb7+ Kg6 32. Qb1+ Qf5 33. Qb6+ Kg5 34. Qc7 Kh6 35. Kh2 g6 36.
Qd6 Kg7 37. Qd4+ Kf7 38. Kg3 h5 39. h4 Ke6 40. Qb6+ Kf7 41. Qc7+ Ke6 42. Qc8+ Kf6 43. Qf8+ Ke6 44. Qe8+ Kf6 45. Qd8+ Ke6 46. Qd1 Qe5+ 47. Kh3 Qc3+ 48. g3 Qe5 49. Qb3+ Kf6 50. Qb6+ Kg7 51.
Qc6 Qf5+ 52. Kg2 Qe5 53. Qd7+ Kf6 54. Qc6+ Kg7 55. Qc2 Kf6 56. Qc4 Kg7 57. Kf3 Kf6 58.
Qc6+ Kg7 59. Qe4 Qc3+ 60. Ke2 Qxg3 61. Qe7+ Kh6 62. Qf8+ Kh7 63. Qe7+ Kh6 64. Qf8+ Kh7 65. Qe7+ Kh6 1/2-1/2

[Event "Late-Titled-Tuesday-Blitz-May-14-2024"]
[Site "Chess.com"]
[Date "2024.05.14"]
[Round "5"]
[White "djano"]
[Black "MyDream003"]
[Result "0-1"]
[WhiteElo "2534"]
[BlackElo "2834"]
[TimeControl "180+1"]
[EndTime "14:56:33 PDT"]
[Termination "MyDream003 won on time"]

1. e4 c6 2. d4 d5 3. exd5 cxd5 4. c4 Nf6 5. Nc3 e6 6. Nf3 Be7 7. cxd5 Nxd5 8. Bd3 O-O 9. O-O Nc6 10. Qe2 Bf6 11.
Ne4 h6 12. Nxf6+ Nxf6 13. Rd1 b6 14. Be3 Bb7 15. Rac1 Rc8 16. a3 Ne7 17. Bb1 Rxc1 18. Bxc1 Qa8 19. Ne1 Rc8 20. Bf4 Be4 21. Ba2 Ng6 22.
Bg3 Qb7 23. h4 Ne7 24. Be5 Nd7 25. Bh2 Nf5 26. h5 Nf6 27. Be5 Nd7 28. Bh2 a5 29.
Bf4 a4 30. Qg4 Nf6 31. Qe2 Rd8 32. Be5 Nd7 33. Bh2 Nf8 34. Be5 Kh8 35. Qg4 f6 36. Bh2 Nxd4 37. Rc1 Bf5 38. Qd1 e5 39. Kh1 b5 40. f4 Nfe6 41. fxe5 Nb3 42. Bxb3 Rxd1 43.
Bxd1 fxe5 44. Bxe5 Qe4 45. Nf3 Qd5 46. Be2 Kh7 47.
Bc3 Nf4 48. Bf1 Be4 49. Nh4 Qxh5 50. Be1 Bd3 51. Kg1 Bxf1 52. Kh1 Bxg2+ 53. Kg1 Be4 54. Bg3 Ne2+ 0-1

[Event "Late-Titled-Tuesday-Blitz-May-14-2024"]
[Site "Chess.com"]
[Date "2024.05.14"]
[Round "5"]
[White "betta2004"]
[Black "Dhaydon19"]
[Result "1/2-1/2"]
[WhiteElo "2530"]
[BlackElo "2723"]
[TimeControl "180+1"]
[EndTime "14:56:33 PDT"]
[Termination "Game drawn by stalemate"]

1. Nf3 Nf6 2. e3 b6 3. b3 Bb7 4. Bb2 e6 5. d4 Be7 6. Nbd2 O-O 7. Bd3 c5 8. O-O cxd4 9. exd4 Nc6 10. c4 Rc8 11.
Qe2 d5 12. Ne5 dxc4 13. Nxc6 Bxc6 14. bxc4 Re8 15. Ne4 Bxe4 16. Bxe4 Nxe4 17. Qxe4 Rxc4 18. Rac1 Qd5 19. Qg4 Rec8 20. Rxc4 Rxc4 21. h3 h5 22. Qf4 Bd6 23. Qh4 Rc2 24. Bc1 Rxa2 25. Bg5 Ra4 26.
Rc1 Rc4 27. Rd1 b5 28. Qxh5 Rxd4 29. Rc1 Rc4 30. Rd1 Qc6 31. Be3 a5 32. Qg5 Bf8 33.
Qd8 a4 34. Qb8 b4 35. Rd8 Rc1+ 36. Bxc1 Qxc1+ 37. Kh2 Qc5 38. Qa8 b3 39. Rb8 b2 40.
f4 Qd6 41. Rxb2 Qxf4+ 42. g3 Qd4 43. Ra2 a3 44. h4 g6 45. Kh3 Qb4 46. Rf2 Qc5 47.
Qf3 Qf5+ 48. Qxf5 exf5 49. g4 fxg4+ 50. Kxg4 Bg7 51. Ra2 Bb2 52. h5 Kg7 53. hxg6 Kxg6 54. Kf4 f5 55. Kf3 Kf6 56. Kf4 Ke6 57. Ke3 Ke5 58. Kf3 f4 59. Kf2 Kf5 60. Kf3 Kg5 61.
Kg2 Kg4 62. Kf2 f3 63. Kf1 Kf4 64. Kf2 Ke4 65. Kf1 Ke3 66. Ke1 f2+ 67. Kf1 Bc1 68. Ra1 Bb2 69. Ra2 Kf3 70. Rxa3+ Bxa3 1/2-1/2

[Event "Late-Titled-Tuesday-Blitz-May-14-2024"]
[Site "Chess.com"]
[Date "2024.05.14"]
[Round "5"]
[White "jinxy2009"]
[Black "Michalczak"]
[Result "0-1"]
[WhiteElo "2305"]
[BlackElo "2499"]
[TimeControl "180+1"]
[EndTime "14:56:33 PDT"]
[Termination "Michalczak won by resignation"]

1. e4 e5 2. Nf3 Nc6 3. Bc4 Nf6 4. d3 Bc5 5. O-O d6 6. c3 a5 7. Re1 h6 8. Nbd2 O-O 9. Nf1 Be6 10. Bb5 Ne7 11. h3 c6 12. Ba4 b5 13. Bc2 Ng6 14. d4 Bb6 15. Ng3 Qc7 16. Be3 a4 17. Qc1 Kh7 18.
Nf5 Ng8 19. N3h4 Rad8 20. g4 N6e7 21. Kh1 f6 22. Rg1 d5 23. Nxe7 Nxe7 24. Nf5 dxe4 25. Bxe4 Bd5 26. Qc2 Nxf5 27. Bxd5 Rxd5 28. Qxf5+ Kh8 29.
dxe5 Bxe3 30. fxe3 Rxe5 31. Qf3 Qe7 32. Rae1 Re8 33.
Rg2 Rxe3 34. Rxe3 Qxe3 35. Qxe3 Rxe3 36. Kh2 Kg8 37. Rd2 Re6 38. Kg2 Kf7 39. Kf3 Ke7 40.
h4 g5 41. hxg5 hxg5 42. Rh2 Kd6 43. Rd2+ Kc5 44. b3 axb3 45. axb3 b4 46. cxb4+ Kxb4 47. Rd3 c5 48. Kg3 Re4 49. Rf3 Rf4 50. Re3 Rd4 51. Rf3 Rd6 52. Re3 Rb6 53. Rf3 Ka3 54. Kg2 Rxb3 55. Rxf6 c4 56. Rf5 Kb2 57. Rxg5 c3 58.
Rc5 c2 59. Rxc2+ Kxc2 60. g5 Rb5 61. g6 Rg5+ 0-1

[Event "Late-Titled-Tuesday-Blitz-May-14-2024"]
[Site "Chess.com"]
[Date "2024.05.14"]
[Round "5"]
[White "GMthekingindian"]
[Black "The_Straightforward_Rook"]
[Result "1-0"]
[WhiteElo "2317"]
[BlackElo "2480"]
[TimeControl "180+1"]
[EndTime "14:56:33 PDT"]
[Termination "GMthekingindian won by checkmate"]

1. d4 d5 2. Nf3 Nf6 3. g3 c6 4. Bg2 Bg4 5. c4 Nbd7 6. h3 Bxf3 7.
Bxf3 e6 8. Nd2 Bd6 9. O-O O-O 10. Bg2 a5 11. Qc2 Re8 12. e4 dxe4 13. Nxe4 Nxe4 14.
Bxe4 h6 15. Rd1 Qf6 16. Qb3 Rab8 17. Bg2 e5 18. d5 Nc5 19. Qc3 cxd5 20. Bxd5 b6 21.
Be3 Bf8 22. b3 Ne6 23. a3 Ng5 24. h4 Ne6 25. b4 axb4 26. axb4 Nd4 27. Kg2 g6 28.
Rab1 Bg7 29. c5 bxc5 30. bxc5 Rbc8 31. Qc4 Re7 32. Rb6 Qf5 33. f3 Rec7 34. Rc1 Qd7 35.
Be4 Ne6 36. c6 Qd8 37. Rb7 Rxb7 38. cxb7 Rxc4 39. Rxc4 Kh7 40. Rc8 Qd1 41. b8=Q Qe2+ 42. Bf2 h5 43. Rc2 Nd4 44. Rxe2 Nxe2 45. Qb7 Nd4 46. Bxd4 exd4 47. Bd3 Kg8 48. Qd5 Kh7 49. Qxf7 Kh6 50. Qd5 Kh7 51. Qe4 Kg8 52. Qxg6 Kf8 53.
Qf5+ Kg8 54. Qe4 Kh8 55. Qe2 Kg8 56. Qd2 Kf8 57. Qc2 Kf7 58. Qb3+ Kf6 59. Qc4 Ke7 60. g4 Bf6 61. g5 Bg7 62. Bf5 Kf8 63. g6 Ke8 64. Qf7+ Kd8 65. Qd7# 1-0

[Event "Late-Titled-Tuesday-Blitz-May-14-2024"]
[Site "Chess.com"]
[Date "2024.05.14"]
[Round "5"]
[White "Kosak12"]
[Black "lachesisQ"]
[Result "0-1"]
[WhiteElo "2766"]
[BlackElo "3107"]
[TimeControl "180+1"]
[EndTime "14:56:34 PDT"]
[Termination "lachesisQ won on time"]

1. e4 Nf6 2. e5 Nd5 3. d4 d6 4.
Nf3 dxe5 5. Nxe5 g6 6. Be2 Bg7 7. O-O O-O 8. Nf3 c5 9. c4 Nc7 10. dxc5 Ne6 11. Nc3 Nxc5 12. Be3 b6 13. Rc1 Nc6 14.
a3 Bf5 15. Qxd8 Rfxd8 16. Rfd1 Nd3 17. Bxd3 Rxd3 18. Rxd3 Bxd3 19. b3 Na5 20. Nd2 e6 21. f3 f5 22. Kf2 Kf7 23. Nb5 Bb2 24. Re1 Nb7 25. Nc7 Rc8 26. Nxe6 Bxa3 27. Ng5+ Kg8 28. Ra1 Bb4 29. Rxa7 Rc7 30. Bxb6 Rd7 31. Ra8+ Kg7 32.
Bd4+ Rxd4 33. Ne6+ Kf6 34. Nxd4 Bxd2 35. Ra7 Nc5 36.
Rxh7 f4 37. Nb5 Nxb3 38. Nd6 Be3+ 39. Ke1 Nd4 40. Ne8+ Kg5 41. h4+ Kf5 42. Nd6+ Ke6 43. Ne4 Bxc4 44. h5 gxh5 45. Rh6+ Ke7 46. Rxh5 Bd3 47.
Re5+ Kf7 48. Rd5 Kg7 49. Rd7+ Kg6 50. Rd5 Bc4 51. Rd6+ Kg7 52. Rd7+ Kg6 53. Rd6+ Kf5 54. Rxd4 Bxd4 55. Nd6+ Kg5 56. Nxc4 Kh4 57. Nd2 Bc3 58. Ke2 Bxd2 59. Kxd2 Kg3 0-1